 Dungeon Crawl Stone Soup version 0.22-a0-757-gdba82d8 (webtiles) character file.

12 Amnesiac the Digger (level 2, -4/19 HPs)
             Began as a Demonspawn Earth Elementalist on July 16, 2018.
             Slain by an orc
             ... wielding a +0 flail
              (5 damage)
             ... on level 2 of the Dungeon.
             The game lasted 00:01:19 (348 turns).

Amnesiac the Digger (Demonspawn Earth Elementalist)  Turns: 348, Time: 00:01:20

Health: -4/19      AC:  2    Str:  8    XL:     2   Next: 20%
Magic:  1/5        EV: 12    Int: 16    God:
Gold:   28         SH:  0    Dex: 13    Spells: 2/5 levels left

rFire    . . .     SeeInvis .   (no weapon)
rCold    . . .     Gourm    .   (no shield)
rNeg     . . .     Faith    .   c - +0 robe
rPois    .         Spirit   .   (no helmet)
rElec    .         Reflect  .   (no cloak)
rCorr    .         Harm     .   (no gloves)
MR       .....                  (no boots)
Stlth    ++........             (no amulet)
HPRegen  0.06/turn              (no ring)
MPRegen  0.09/turn              (no ring)

@: very slightly contaminated
A: claws 1
a: no special abilities


You were on level 2 of the Dungeon.
You were not hungry.

You visited 1 branch of the dungeon, and saw 2 of its levels.

You collected 28 gold pieces.

Inventory:

Missiles
 b - 10 stones (quivered)
Armour
 c - a +0 robe (worn)
Scrolls
 a - a scroll of identify {!r, unknown}
 g - a scroll of remove curse {!r, unknown}
Potions
 e - a potion of curing {!q}
Comestibles
 d - a ration
 f - 4 chunks of flesh


   Skills:
 + Level 2.1 Dodging
 - Level 2.0 Stealth
 - Level 2.0 Spellcasting
 - Level 0.8 Transmutations
 - Level 3.0 Earth Magic


You had 2 spell levels left.
You knew the following spells:

 Your Spells              Type           Power        Failure   Level  Hunger
a - Sandblast             Erth           ##....       6%          1    #......
b - Passwall              Tmut/Erth      #.......     14%         2    ###....

Your spell library contained the following spells:

 Spells                   Type           Power        Failure   Level  Hunger
 Stone Arrow              Conj/Erth      #.....       32%         3    ###....
 Lee's Rapid Deconstruct  Erth           ##........   86%         5    ######.
 Petrify                  Tmut/Erth      #.......     67%         4    #####..


Dungeon Overview and Level Annotations

Branches:
Dungeon (2/15)

Altars:


Innate Abilities, Weirdness & Mutations

You have sharp fingernails.


Message History

You barely miss the orc.
The orc is severely wounded.
The orc closely misses you.
The orc throws a tomahawk.
The tomahawk barely misses you.
Casting: Sandblast (safe; 6% risk of failure)
Confirm with . or Enter, or press ? or * to list all spells.
You don't have enough magic to cast that spell.
You barely miss the orc.
The orc is severely wounded.
The orc barely misses you.
The orc throws a tomahawk.
The tomahawk hits you.
Casting: Sandblast (safe; 6% risk of failure)
Confirm with . or Enter, or press ? or * to list all spells.
You don't have enough magic to cast that spell.
You scratch the orc but do no damage.
The orc is severely wounded.
The orc hits you with a flail.
The orc throws a tomahawk.
The tomahawk hits you.
Casting: Sandblast (safe; 6% risk of failure)
Confirm with . or Enter, or press ? or * to list all spells.
You don't have enough magic to cast that spell.
You scratch the orc but do no damage.
The orc is severely wounded.
The orc hits you with a flail!
* * * LOW HITPOINT WARNING * * *
Casting: Sandblast (safe; 6% risk of failure)
Confirm with . or Enter, or press ? or * to list all spells.
You don't have enough magic to cast that spell.
You are too injured to fight recklessly!
Casting: Sandblast (safe; 6% risk of failure)
Confirm with . or Enter, or press ? or * to list all spells.
You don't have enough magic to cast that spell.
You are too injured to fight recklessly!
Casting: Sandblast (safe; 6% risk of failure)
Confirm with . or Enter, or press ? or * to list all spells.
You don't have enough magic to cast that spell.
You are too injured to fight recklessly!
Casting: Sandblast (safe; 6% risk of failure)
Confirm with . or Enter, or press ? or * to list all spells.
You don't have enough magic to cast that spell.
You are too injured to fight recklessly!
You are too injured to fight recklessly!
You scratch the orc but do no damage.
The orc is severely wounded.
The orc closely misses you. x2
You are too injured to fight recklessly!
You barely miss the orc.
The orc is severely wounded.
The orc hits you with a flail.
* * * LOW HITPOINT WARNING * * *
The orc closely misses you.
You are too injured to fight recklessly!
Casting: Sandblast (safe; 6% risk of failure)
Confirm with . or Enter, or press ? or * to list all spells.
You don't have enough magic to cast that spell.
You are too injured to fight recklessly!
You closely miss the orc. The orc barely misses you.
Casting: Sandblast (safe; 6% risk of failure)
Confirm with . or Enter, or press ? or * to list all spells.
You don't have enough magic to cast that spell.
You are too injured to fight recklessly!
You scratch the orc but do no damage.
The orc is severely wounded.
The orc hits you with a flail.
You die...

#...#...........# .....
#####...###.# .#..
##.....## #. #.#...#.# ..
##.....## . ##...##
##).>## ##o....##
#@o.....# #.......#
#########.#)..#.######
...............รท.....#
#.#####..(.....#.####.##
#..............#.###.#.###
#..#...........#.##.###..#
#.##..........###.#.#.# #
..........### ##.##.#


You could see 2 orcs.

Vanquished Creatures
  2 orcs (D:2)
  A giant cockroach (D:1)
  A hobgoblin (D:1)
  A quokka (D:2)
  A bat (D:1)
  A frilled lizard (D:2)
  2 kobolds (D:2)
  A rat (D:2)
10 creatures vanquished.

Notes
Turn   | Place    | Note
-------+----------+-------------------------------------------
     0 | D:1      | Amnesiac the Demonspawn Earth Elementalist began the quest for the Orb.
     0 | D:1      | Reached XP level 1. HP: 13/13 MP: 3/3
   187 | D:1      | Reached skill level 3 in Earth Magic
   264 | D:2      | Gained mutation: You have sharp fingernails. [demonic ancestry]
   264 | D:2      | Reached XP level 2. HP: 18/19 MP: 0/5
   268 | D:2      | Learned a level 2 spell: Passwall
   348 | D:2      | Slain by an orc

Vault maps used:
D:1:      tarquinn_simple_flora_water_b
D:2:      nicolae_ru_path_of_blood, kennysheep_okawaru_gauntlet, uniq_terence

Skill      XL: |  1  2 |
---------------+-------+-----
Earth Magic    | 3 |  3.0
Stealth        | 2 |  2.0
Dodging        | 2 |  2.1
Spellcasting   | |  2.0
Transmutations | |  0.8

Action                   || total
-------------------------++-------
Melee: Unarmed           ||    15
 Cast: Sandblast         ||    20
  Use: Potion            ||     1
Armor: Robe              ||     5
Dodge: Dodged            ||    23

Table legend:
 A = Spawn XP
 B = Non-spawn XP
 C = Spawn XP percentage of total XP
 D = Spawn monster count
 E = Non-spawn monster count
 F = Spawn count percentage of total count
 G = Total turns spent on level
                    A         B        C        D         E        F      G
               +---------+---------+-------+---------+---------+-------+---------
         Total |       0 |      18 |   0.0 |       0 |      10 |   0.0 |   348
               +---------+---------+-------+---------+---------+-------+---------
           D:1 |       0 |       5 |   0.0 |       0 |       3 |   0.0 |   192
           D:2 |       0 |      13 |   0.0 |       0 |       7 |   0.0 |   156
               +---------+---------+-------+---------+---------+-------+---------
